AoeStats
← b站江条

Arabia

508087946Analyzed
1v1 RM · 11d ago on Sep 20, 2026· 36m 7s· 2 players
Game mode
Random Map
Map size
Tiny (2 player)
Population
200
Speed
Normal
Resources
Standard
Victory
Conquest
Starting age
Dark Age
Ending age
Imperial Age
RankedLock teamsTeams togetherTeam positionsShared explorationLock speedFull tech treeHidden civsTurbo modeCheats
Victory
Defeat
🇨🇳 Maya · China
1444
+14
🇧🇷 Goths · Brazil
1393
-14
Tramonta
0:26 Loom
11:42 Feudal Age
12:18 Double-Bit Axe
12:16 Horse Collar
14:52 Man-at-Arms
17:46 Wheelbarrow
17:25 Fletching
23:16 Castle Age
22:34 Scale Mail Armor
24:16 Bow Saw
23:35 Long Swordsman
25:22 Bodkin Arrow
30:56 Chain Mail Armor
33:39 Squires
b站江条
0:26 Loom
9:20 Feudal Age
15:35 Double-Bit Axe
17:35 Fletching
21:38 Castle Age
20:11 Padded Archer Armor
20:21 Horse Collar
22:53 Bow Saw
22:47 Bodkin Arrow
23:38 Crossbowman
29:45 Wheelbarrow
30:51 Gold Mining
34:22 Imperial Age
34:02 Ballistics
33:23 Treadmill Crane
34:46 Gold Mining
34:48 Stone Mining
35:25 Conscription
35:06 Bracer
35:14 Thumb Ring
Connection lost

Rejoining the realm…

Still unreachable

The connection could not be restored.

Session expired

The server has moved on; the page needs a fresh start.